 Dungeon Sprint DCSS version 0.31-a0-774-g0d66cbabe8 (webtiles) character file.

Game seed: 5177085881405173841

8096 Conn the Arsonist (level 11, 0/63 HPs)
             Began as an Octopode Fire Elementalist on Sept 17, 2023.
             Was a High Priest of Sif Muna.
             Slain by an unseen horror (5 damage)
             ... in the Dungeon (Sprint I: "Red Sonja").
             The game lasted 00:16:12 (2480 turns).

Conn the Arsonist (Octopode Fire Elementalist)      Turns: 2480, Time: 00:16:13

Health: 0/63       AC:  1    Str:  7    XL:     11   Next: 25%
Magic:  4/28       EV: 13    Int: 21    God:    Sif Muna [*****.]
Gold:   1613       SH: 11    Dex: 14    Spells: 13/37 levels left

rFire   . . .        i - +1 short sword (venom)
rCold   . . .        g - +0 kite shield
rNeg    . . .        (helmet restricted)
rPois   .            (no amulet)
rElec   .            (no ring)
rCorr   .            (no ring)
SInv    .            (no ring)
Will    .....        (no ring)
Stlth   ++++         (no ring)
HPRegen 0.30/turn    (no ring)
MPRegen 0.21/turn    (no ring)
                     (no ring)

%: no teleportation
@: no status effects
A: almost no armour, amphibious, 8 rings, camouflage 1, gelatinous body 1,
(nimble swimmer 1), tentacles
a: Renounce Religion, Channel Magic, Forget Spell, Divine Exegesis


You were in the Dungeon.
You worshipped Sif Muna.
Sif Muna was extremely pleased with you.
You visited 1 branch You collected 2307 gold pieces.
You spent 694 gold pieces at shops.

Inventory:

Hand Weapons
 i - a +1 short sword of venom (weapon)
Missiles
 j - 2 curare-tipped darts (quivered)
Armour
 g - a +0 kite shield (worn)
Wands
 d - a wand of flame (9)
 h - a wand of iceblast (7)
Scrolls
 c - a scroll of identify
 f - a scroll of blinking
 l - a scroll of fear
 n - a scroll of fog
Potions
 a - 3 potions of magic
 b - 2 potions of curing


   Skills:
 + Level 1.0 Fighting
 + Level 2.0 Throwing
 + Level 5.2 Dodging
 - Level 4.2 Stealth
 * Level 9.3 Shields
 + Level 13.5 Spellcasting
 * Level 10.8 Conjurations
 - Level 3.0 Hexes
 + Level 14.0 Fire Magic
 * Level 3.9 Air Magic
 * Level 9.9 Invocations


You had 13 spell levels left.
You knew the following spells:

 Your Spells              Type           Power      Damage    Failure   Level
a - Foxfire               Conj/Fire      100%       2x1d9     1%          1
b - Scorch                Fire           100%       2d9       1%          2
c - Inner Flame           Hex/Fire       50%        N/A       1%          3
d - Flame Wave            Conj/Fire      61%        2d14      1%          4
e - Swiftness             Air            30%        N/A       11%         3
f - Arcjolt               Conj/Air       22%        1d32      24%         5
g - Mephitic Cloud        Conj/Pois/Air  35%        N/A       7%          3
h - Hailstorm             Conj/Ice       37%        3d9       6%          3

Your spell library contained the following spells:

 Spells                   Type           Power      Damage    Failure   Level
 Magic Dart               Conj           100%       1d8       1%          1
 Shock                    Conj/Air       100%       1d9       1%          1
 Static Discharge         Conj/Air       90%        2-6/arc   1%          2
 Volatile Blastmotes      Fire/Tloc      86%        2d17      3%          3
 Cigotuvi's Dreadful Rot  Necr/Pois/Air  38%        N/A       16%         2
 Silence                  Hex/Air        14%        N/A       77%         5


Dungeon Overview and Level Annotations

Branches:
Dungeon (1/1)

Altars:
Cheibriados
Dithmenos
Elyvilon
Fedhas
Gozag
Hepliaklqana
Kikubaaqudgha
Makhleb
Nemelex Xobeh
Okawaru
Qazlal
Ru
Sif Muna
Trog
Uskayaw
Vehumet
Wu Jian
Xom
Yredelemnul
Zin
The Shining One
Jiyva
Lugonu

Shops:
D ?**[*[[


Innate Abilities, Weirdness & Mutations

You cannot wear most types of armour.
You are amphibious.
You can wear up to eight rings at the same time.
Your skin changes colour to match your surroundings (Stealth+).
Your rubbery body absorbs attacks. (AC +1, EV +1)
((You are camouflaged when in or above water. (Stealth+)))
You have tentacles for arms and can constrict up to eight enemies at once.


Message History

Something hits you!
* * * LOW HITPOINT WARNING * * *
Unknown command.
Casting: Foxfire (safe; 1% risk of failure)
Confirm with . or Enter, or press ? or * to list all spells.
Casting: Flame Wave (dangerous; 1% risk of failure)
Press: ? - help, Dir - look around, f - activate A wave of flame ripples out!
The flame wave engulfs the necrophage!
The necrophage is heavily damaged.
The flame wave engulfs your foxfire.
Your foxfire completely resists.
The flame wave engulfs your foxfire.
Your foxfire completely resists. (Press . to intensify the flame waves.)
The foxfire hits the necrophage.
The necrophage is severely damaged.
The foxfire hits something!
Something hits you.
* * * LOW HITPOINT WARNING * * *
You block the necrophage's attack.
Unknown command.
Unknown command.
A wave of flame ripples out!
The flame wave engulfs something!
The flame wave engulfs the necrophage.
The necrophage is almost destroyed.
The flame wave engulfs something!
Something hits you!
* * * LOW HITPOINT WARNING * * *
You block something's attack. Something barely misses you.
You block the necrophage's attack.
Okay, then.
Unknown command.
Unknown command.
A wave of flame ripples out!
The flame wave engulfs the necrophage!!
You destroy the necrophage!
Sif Muna accepts your kill.
The flame wave engulfs something! x2
Sif Muna accepts your kill.
Reactivating autopickup.
You feel a bit more experienced.
You finish channelling waves of flame.
Something hits you.
You die...

____###'#)#...)###.'.#
#######.####'###.###.#
.....'.§.'.....'.∩##.#
''####...###########.#
...####.###. .....##§#
....#.#'#.#.........§#
....#.....#...######§#
....#.)...#..§§§§..#§#
.#..#######..§.{@.#'§#
....# $...§.§§§####
....# ......§§§# ....#
.....§~~## ''###
..~~~~### ...∩# ######
....# ...∩# #####


There were no monsters in sight!

Vanquished Creatures
  2 centaur warriors (D)
  Sonja (D)
  A deep troll (D)
  An oklob plant (D)
  8 shining eyes (D)
  2 kobold demonologists (D)
  An unseen horror (D)
  A hornet (D)
  A slime creature (D)
  Sigmund (D)
  A yak (D)
  2 redbacks (D)
  6 floating eyes (D)
  An ogre (D)
  A necrophage (D)
  8 jellies (D)
  Ijyb (D)
  A ballistomycete spore (D)
40 creatures vanquished.

Vanquished Creatures (others)
  A ballistomycete spore (D)
  165 foxfires (D)
166 creatures vanquished.

Grand Total: 206 creatures vanquished

Notes
Turn   | Place    | Note
-------+----------+-------------------------------------------
     0 | D        | Conn the Octopode Fire Elementalist began the quest for the
                  | Orb.
     0 | D        | Reached XP level 1. HP: 11/11 MP: 3/3
     4 | D        | Noticed Ijyb
    13 | D        | Killed Ijyb
    14 | D        | Reached skill level 4 in Fire Magic
    14 | D        | Reached XP level 2. HP: 10/17 MP: 0/6
    14 | D        | Reached XP level 3. HP: 12/21 MP: 0/7
    72 | D        | Learned a level 2 spell: Scorch
    76 | D        | Learned a level 3 spell: Inner Flame
    82 | D        | Noticed an ogre
    88 | D        | Killed an ogre
    89 | D        | Reached skill level 5 in Spellcasting
    89 | D        | Reached skill level 6 in Fire Magic
    89 | D        | Reached XP level 4. HP: 27/27 MP: 0/11
   188 | D        | Learned a level 4 spell: Flame Wave
   194 | D        | Noticed Sigmund
   197 | D        | Killed Sigmund
   198 | D        | Reached skill level 5 in Conjurations
   198 | D        | Reached skill level 8 in Fire Magic
   198 | D        | Reached XP level 5. HP: 31/31 MP: 6/14
   198 | D        | Reached XP level 6. HP: 36/36 MP: 6/16
   274 | D        | Found a shimmering blue altar of Sif Muna.
   275 | D        | Found an ornate altar of the Wu Jian Council.
   276 | D        | Found a radiant altar of Vehumet.
   280 | D        | Became a worshipper of Sif Muna the Loreminder
   314 | D        | Found Muku's Armour Emporium.
   314 | D        | Found an ancient bone altar of Kikubaaqudgha.
   314 | D        | Found a hazy altar of Hepliaklqana.
   314 | D        | Found a stormy altar of Qazlal.
   314 | D        | Found a hide-covered altar of Uskayaw.
   314 | D        | Found a blossoming altar of Fedhas.
   314 | D        | Found a bloodstained altar of Trog.
   314 | D        | Found an iron altar of Okawaru.
   314 | D        | Found a basalt altar of Yredelemnul.
   314 | D        | Found a glowing golden altar of the Shining One.
   314 | D        | Found a snail-covered altar of Cheibriados.
   314 | D        | Found a sacrificial altar of Ru.
   314 | D        | Found a glowing silver altar of Zin.
   314 | D        | Found a shadowy altar of Dithmenos.
   314 | D        | Found a white marble altar of Elyvilon.
   314 | D        | Noticed a yak
   323 | D        | Killed a yak
   324 | D        | Reached skill level 9 in Fire Magic
   324 | D        | Reached XP level 7. HP: 41/41 MP: 6/19
   326 | D        | Found an opulent altar of Gozag.
   327 | D        | Found a sparkling altar of Nemelex Xobeh.
   331 | D        | Bought a +0 kite shield for 58 gold pieces
   414 | D        | Found a burning altar of Makhleb.
   414 | D        | Found a viscous altar of Jiyva.
   414 | D        | Found a shimmering altar of Xom.
   414 | D        | Found a corrupted altar of Lugonu.
   414 | D        | Noticed a slime creature
   424 | D        | Noticed Sonja
   428 | D        | Killed Sonja
   428 | D        | Reached * piety under Sif Muna
   429 | D        | Reached skill level 10 in Fire Magic
   429 | D        | Reached XP level 8. HP: 24/46 MP: 10/21
   654 | D        | Found Fial's Magic Scroll Boutique.
   662 | D        | Bought a scroll of acquirement for 572 gold pieces
   663 | D        | Acquired 1226 gold pieces
   676 | D        | Noticed a deep troll
   685 | D        | Killed a deep troll
   686 | D        | Reached skill level 5 in Dodging
   686 | D        | Reached skill level 10 in Spellcasting
   686 | D        | Reached skill level 11 in Fire Magic
   686 | D        | Reached skill level 5 in Invocations
   699 | D        | Found Duatteima's Armour Emporium.
   759 | D        | Noticed a shining eye
   759 | D        | Noticed a shining eye
   759 | D        | Noticed a shining eye
   763 | D        | Noticed a shining eye
   767 | D        | Paralysed by a floating eye for 2 turns
   771 | D        | Paralysed by a floating eye for 2 turns
   773 | D        | Noticed a shining eye
   777 | D        | Paralysed by a floating eye for 3 turns
   783 | D        | Paralysed by a floating eye for 2 turns
   788 | D        | Paralysed by a floating eye for 4 turns
   797 | D        | Paralysed by a floating eye for 2 turns
   804 | D        | Paralysed by a floating eye for 4 turns
   814 | D        | Paralysed by a floating eye for 4 turns
   819 | D        | Paralysed by a floating eye for 3 turns
   825 | D        | Paralysed by a floating eye for 4 turns
   835 | D        | Paralysed by a floating eye for 4 turns
   841 | D        | Paralysed by a floating eye for 3 turns
   848 | D        | Paralysed by a floating eye for 3 turns
   853 | D        | Paralysed by a floating eye for 3 turns
   858 | D        | Paralysed by a floating eye for 4 turns
   865 | D        | Paralysed by a floating eye for 4 turns
   872 | D        | Paralysed by a floating eye for 4 turns
   879 | D        | Paralysed by a floating eye for 2 turns
   885 | D        | Paralysed by a floating eye for 2 turns
   890 | D        | Paralysed by a floating eye for 2 turns
   895 | D        | Paralysed by a floating eye for 2 turns
   901 | D        | Paralysed by a floating eye for 3 turns
   907 | D        | Reached ** piety under Sif Muna
   908 | D        | Reached skill level 5 in Shields
   908 | D        | Reached skill level 1 in Hexes
   908 | D        | Reached XP level 9. HP: 51/51 MP: 3/23
   909 | D        | Killed a shining eye
   910 | D        | Reached skill level 1 in Throwing
   910 | D        | Killed a shining eye
   912 | D        | Killed a shining eye
   912 | D        | Killed a shining eye
   912 | D        | Reached *** piety under Sif Muna
   913 | D        | Reached skill level 12 in Fire Magic
   915 | D        | Reached XP level 10. HP: 56/56 MP: 14/25
  1070 | D        | Noticed a kobold demonologist
  1074 | D        | Noticed a kobold demonologist
  1079 | D        | Paralysed by a floating eye for 2 turns
  1082 | D        | Killed a kobold demonologist
  1082 | D        | Reached **** piety under Sif Muna
  1083 | D        | Killed a kobold demonologist
  1191 | D        | Noticed a shining eye
  1199 | D        | Killed a shining eye
  1199 | D        | Reached ***** piety under Sif Muna
  1200 | D        | Reached skill level 13 in Fire Magic
  1274 | D        | Noticed a shining eye
  1280 | D        | Killed a shining eye
  1280 | D        | Killed a shining eye
  1280 | D        | Received a gift from Sif Muna
  1281 | D        | Got graven book {god gift}
  1395 | D        | Learned a level 3 spell: Swiftness
  1401 | D        | Learned a level 5 spell: Arcjolt
  1405 | D        | Noticed a shining eye
  1417 | D        | Killed a shining eye
  1418 | D        | Reached skill level 10 in Conjurations
  1418 | D        | Reached skill level 1 in Air Magic
  1485 | D        | Found Koerch's Assorted Antiques.
  1485 | D        | Found Imojul's Assorted Antiques.
  1485 | D        | Found Romeytymm's Antique Armour Boutique.
  1485 | D        | Found Vyth's Assorted Antiques.
  1525 | D        | Bought a scroll labelled XISKIU QUKEKY for 16 gold pieces
  1525 | D        | Bought a scroll labelled QEIXKO ZUBE for 16 gold pieces
  1525 | D        | Bought a scroll labelled BYOLUH NYCEUGA for 16 gold pieces
  1525 | D        | Bought a scroll labelled INWINO RYORERU for 16 gold pieces
  1683 | D        | Noticed a centaur warrior
  1772 | D        | Killed a centaur warrior
  1879 | D        | Noticed a centaur warrior
  1891 | D        | Killed a centaur warrior
  1892 | D        | Reached XP level 11. HP: 62/62 MP: 20/28
  1892 | D        | Paralysed by a hornet for 3 turns
  2075 | D        | Noticed an oklob plant
  2110 | D        | Killed an oklob plant
  2116 | D        | Reached skill level 14 in Fire Magic
  2119 | D        | Reached skill level 1 in Fighting
  2276 | D        | Paralysed by a floating eye for 2 turns
  2281 | D        | Paralysed by a floating eye for 2 turns
  2292 | D        | Received a gift from Sif Muna
  2293 | D        | Got vellum book {god gift}
  2298 | D        | Learned a level 3 spell: Mephitic Cloud
  2306 | D        | Learned a level 3 spell: Hailstorm
  2480 | D        | Slain by an unseen horror

Illustrated notes

Levels and vault maps discovered:
D:        dungeon_sprint_1 [red_sonja_temple_1, red_sonja_temple_small_1]

Skill      XL: |  1  2  3  4  5  6  7  8  9 10 11 |
---------------+----------------------------------+-----
Stealth        | 3 4 |  4.2
Spellcasting   | 3 5 7 8 9 10 11 13 | 13.5
Conjurations   | 2 3 5 6 7 8 10 | 10.8
Fire Magic     | 4 6 8 9 10 11 12 13 14 | 14.0
Dodging        | 3 4 5 |  5.2
Shields        | 3 5 7 8 9 |  9.3
Invocations    | 4 5 7 9 |  9.9
Hexes          | 1 3 |  3.0
Throwing       | 1 2 |  2.0
Air Magic      | 2 3 |  3.9
Fighting       | 1 |  1.0

Action                     |  1- 3 |  4- 6 |  7- 9 | 10-12 || total
---------------------------+-------+-------+-------+-------++-------
  Melee: Unarmed           |     7 |       |       |       ||     7
         Tentacles         |     2 |       |       |     2 ||     4
         Constrict         |     1 |       |       |     4 ||     5
         Short sword       |       |       |     1 |     5 ||     6
  Throw: Dart              |       |       |     2 |     3 ||     5
   Cast: Foxfire           |     6 |     4 |     8 |    99 ||   117
         Scorch            |     2 |     8 |     9 |    33 ||    52
         Flame Wave        |       |       |     2 |     3 ||     5
         Inner Flame       |       |       |    13 |    12 ||    25
 Invoke: Channel Magic     |       |       |     1 |       ||     1
    Use: Potion            |     2 |       |       |     3 ||     5
         Scroll            |       |       |     1 |     5 ||     6
 Armour: Skin              |     2 |       |     3 |    29 ||    34
  Dodge: Dodged            |     2 |     2 |       |     9 ||    13
  Block: Kite shield       |       |       |       |    12 ||    12

Table legend: (Time is in decaauts)
 A = Elapsed time spent in this place.
 B = Non-inter-level travel time spent in this place.
 C = Inter-level travel time spent in this place.
 D = Time resting spent in this place.
 E = Time spent auto-exploring this place.
 F = Levels seen in this place.
 G = Mean time per level.
                   A        B        C        D        E       F      G
               +--------+--------+--------+--------+--------+-----+--------+
         Total |   2472 |   2472 |      0 |   1452 |      0 |   1 | 2472.0 |
       Dungeon |   2472 |   2472 |      0 |   1452 |      0 |   1 | 2472.0 |
               +--------+--------+--------+--------+--------+-----+--------+

Top non-repeatable levels by time:
       D: 2472 daAuts
